 Dungeon Crawl Stone Soup version 0.25-a0-665-ga69d64035b (webtiles) character file.

Game seed: 17765744057095497597, levelgen mode: deterministic

10355 Esekla the Gusty (level 11, -5/72 HPs)
             Began as an Octopode Venom Mage on Mar 26, 2020.
             Was an Elder of Elyvilon.
             Slain by a yak (6 damage)
             ... on level 10 of the Dungeon on Mar 27, 2020.
             The game lasted 01:50:54 (13060 turns).

Esekla the Gusty (Octopode Venom Mage)             Turns: 13060, Time: 01:50:55

Health: -5/72      AC:  8    Str: 10    XL:     11   Next: 60%
Magic:  14/21      EV: 16    Int: 19    God:    Elyvilon [****..]
Gold:   251        SH:  3    Dex: 13    Spells: 18/23 levels left

rFire    . . .     SeeInvis .   u - +3 trident (protect)
rCold    . . .     Gourm    .   (no shield)
rNeg     . . .     Faith    .   (helmet restricted)
rPois    .         Spirit   .   j - +3 amulet of reflection
rElec    .         Reflect  +   f - +3 ring of strength
rCorr    .         Harm     .   (no ring)
MR       .....                  (no ring)
Stlth    ++++......             (no ring)
HPRegen  0.22/turn              (no ring)
MPRegen  0.17/turn              (no ring)
                                (no ring)
                                (no ring)

@: protection aura
A: almost no armour, stealthy swim, amphibious, 8 rings, constrict 8, fangs 1,
tentacle spike 1, camouflage 1, blink, weak 1, gelatinous body 1
a: Blink, Lesser Healing, Heal Other, Purification, Greater Healing, Divine
Protection, Renounce Religion


You were on level 10 of the Dungeon.
You worshipped Elyvilon.
Elyvilon was greatly pleased with you.
You were hungry.

You visited 1 branch of the dungeon, and saw 10 of its levels.

You collected 562 gold pieces.
You spent 311 gold pieces at shops.

Inventory:

Hand Weapons
 a - a +2 mace of holy wrath
 r - a +2 dagger of flaming
 s - a +0 dagger of freezing
 u - a +3 trident of protection (weapon)
 B - a +1 dagger of electrocution
 F - a +0 dagger of venom
Missiles
 t - 8 javelins
 H - 4 boomerangs (quivered)
 J - 42 poisoned darts
Jewellery
 f - a +3 ring of strength (left tentacle)
 j - a +3 amulet of reflection (around mantle)
 K - an uncursed amulet of the gourmand {unknown}
Wands
 v - a wand of flame (15)
 A - a wand of digging (7)
 D - a wand of disintegration (10)
Scrolls
 c - 2 scrolls of enchant weapon
 e - a scroll of immolation
 i - 2 scrolls of blinking
 l - a scroll of teleportation
 p - 3 scrolls of remove curse
 x - 2 scrolls of noise {unknown}
 y - 2 scrolls of enchant armour
Potions
 d - 3 potions of haste
 g - 2 potions of mutation
 h - 2 potions of stabbing
 k - a potion of resistance
 m - 2 potions of curing
 n - a potion of berserk rage
 o - 4 potions of cancellation
 q - a potion of magic {unknown}
 w - a potion of lignification
 z - 5 potions of heal wounds
 G - 2 potions of brilliance
Comestibles
 b - 20 rations


   Skills:
 * Level 6.1 Fighting
 + Level 0.8 Short Blades
 + Level 6.6 Polearms
 + Level 0.6 Throwing
 * Level 6.6 Dodging
 + Level 6.1 Stealth
 * Level 6.7 Spellcasting
 * Level 6.4 Conjurations
   Level 1.0 Transmutations
 * Level 7.9 Air Magic
 + Level 7.0 Poison Magic
 + Level 1.1 Invocations


You had 18 spell levels left.
You knew the following spells:

 Your Spells              Type           Power        Failure   Level  Hunger
c - Mephitic Cloud        Conj/Pois/Air  ####....     1%          3    ##.....
v - Poisonous Vapours     Pois/Air       ####..       1%          2    None

Your spell library contained the following spells:

 Spells                   Type           Power        Failure   Level  Hunger
 Sting                    Tmut/Pois      ###.         1%          1    None
 Olgreb's Toxic Radiance  Pois           ####....     6%          4    ####...
 Ignite Poison            Fire/Tmut/Pois ###.....     11%         3    ##.....


Dungeon Overview and Level Annotations

Branches:
Dungeon (10/15)            Temple (0/1) D:4             Orc (0/2) D:9
   Lair: D:8-11

Altars:
Ashenzari
Cheibriados
Elyvilon
Gozag
Makhleb
Ru
Trog
Uskayaw
Vehumet
Wu Jian
Yredelemnul
Zin

Shops:
D:5 [   D:8 *

Annotations:
D:5 3 runed translucent doors, liluieth's ghost, novice DENe
D:9 3 runed translucent doors, Gastronok; ipx's ghost, novice GrAM


Innate Abilities, Weirdness & Mutations

You cannot wear most types of armour.
You are very stealthy in the water. (Stealth+)
You are amphibious.
You can wear up to eight rings at the same time.
You can use your tentacles to constrict eight enemies at once.
Your skin changes colour to match your surroundings (Stealth+).
Your rubbery body absorbs attacks. (AC +1, EV +1)
You have very sharp teeth.
One of your tentacles bears a spike.
You can translocate small distances at will.
You are weak. (Str -2)


Message History

Aiming: Poisonous Vapours (safe; 1% risk of failure)
Press: ? - help, Dir - move target cursor, f - yak, p - yak
Aim: a yak Poisonous vapours surround the yak!
The yak is engulfed in poison gas.
The yak looks even sicker.
The yak barely misses you.
The yak is engulfed in poison gas.
The yak is poisoned.
The yak gores you.
You puncture the yak!
Your tentacle spike misses the yak.
You bite the yak, but do no damage.
The yak is severely wounded.
The yak gores you. x2
You barely miss the yak.
Your tentacle spike misses the yak.
The yak is almost dead.
The yak gores you!
* * * LOW HITPOINT WARNING * * *
The yak gores you!
* * * LOW HITPOINT WARNING * * *
You fail to use your ability.
The yak gores you.
* * * LOW HITPOINT WARNING * * *
The yak gores you.
You die...

...#...................#
...#...........[.......#
####..........[..#######
.............<...#
...........#######
........)..#
...........#
....#####..# ###
....#......#####@#
#####.....##..YYY#
#...........YY#
#.................
#..................
#.................$.
#...................
####################


You could see 5 yaks.

Vanquished Creatures
  Erolcha (D:10)
  2 two-headed ogres
  Pikel (D:7)
  A gargoyle (D:10)
  A troll (D:10)
  A hippogriff (D:7)
  2 dream sheep (D:8)
  5 yaks
  Grum (D:9)
  A hungry ghost (D:7)
  Menkaure (D:7)
  Duvessa (D:4)
  An ice beast (D:6)
  A hornet zombie (D:8)
  A phantom (D:5)
  2 sky beasts
  4 eyes of draining
  5 orc warriors
  2 necrophages
  8 ogres
  4 wolves
  4 centaurs
  5 big kobolds
  2 bullfrogs
  Dowan (D:4)
  A water moccasin skeleton (D:6)
  A wyvern skeleton (D:10)
  4 scorpions
  9 killer bees
  An electric eel (D:8)
  13 orc priests
  3 jellies
  4 hounds
  13 orc wizards
  2 centaur skeletons
  2 bullfrog skeletons
  3 iguanas
  5 worker ants
  A killer bee zombie (D:6)
  A hound zombie (D:7)
  2 hound skeletons (D:4)
  A worker ant zombie (D:5)
  7 gnolls
  A howler monkey skeleton (D:7)
  6 adders
  2 shadow imps
  2 oozes
  2 adder zombies
  5 worms
  7 leopard geckos
  41 orcs
  2 ball pythons
  4 giant cockroaches
  8 hobgoblins
  9 jackals
  19 kobolds
  2 quokkas
  6 frilled lizards
  6 goblins
  A jackal zombie (D:5)
  A leopard gecko skeleton (D:5)
  A leopard gecko zombie (D:7)
  5 rats
261 creatures vanquished.

Vanquished Creatures (others)
  A slave (D:7)
  An iguana (D:7)
  An adder (D:7)
3 creatures vanquished.

Grand Total: 264 creatures vanquished

Notes
Turn   | Place    | Note
-------+----------+-------------------------------------------
     0 | D:1      | Esekla the Octopode Venom Mage began the quest for the Orb.
     0 | D:1      | Reached XP level 1. HP: 11/11 MP: 3/3
   703 | D:1      | Reached XP level 2. HP: 17/17 MP: 3/5
   718 | D:2      | Learned a level 2 spell: Poisonous Vapours
  1252 | D:1      | Reached XP level 3. HP: 21/21 MP: 3/6
  1257 | D:1      | Learned a level 3 spell: Mephitic Cloud
  1600 | D:2      | Found a faded altar of an unknown god.
  1618 | D:2      | Became a worshipper of Elyvilon the Healer
  1618 | D:2      | Reached * piety under Elyvilon
  2528 | D:2      | You fall into a shaft and drop 2 floors!
  2528 | D:4      | Found a staircase to the Ecumenical Temple.
  2562 | D:4      | Reached skill level 1 in Air Magic
  2562 | D:4      | Reached XP level 4. HP: 27/27 MP: 2/7
  2640 | D:4      | Found a basalt altar of Yredelemnul.
  2642 | D:4      | Reached ** piety under Elyvilon
  2718 | D:4      | Reached skill level 1 in Conjurations
  2816 | D:4      | Reached skill level 1 in Fighting
  2816 | D:4      | Reached XP level 5. HP: 24/33 MP: 5/9
  3576 | D:3      | Reached XP level 6. HP: 31/38 MP: 5/10
  3802 | D:3      | You fall into a shaft and drop 1 floor!
  3842 | D:4      | Found a hide-covered altar of Uskayaw.
  3935 | D:4      | Reached *** piety under Elyvilon
  3944 | D:4      | Noticed Duvessa
  3945 | D:4      | Noticed Dowan
  3963 | D:4      | Killed Duvessa
  4238 | D:5      | Entered Level 5 of the Dungeon
  4274 | D:5      | Found a radiant altar of Vehumet.
  4293 | D:5      | Noticed a phantom
  4564 | D:5      | Reached skill level 1 in Polearms
  4564 | D:5      | Reached XP level 7. HP: 45/45 MP: 4/12
  4691 | D:5      | Found a runed translucent gate.
  4691 | D:5      | Found a runed translucent gate.
  4691 | D:5      | Found a runed translucent gate.
  4717 | D:5      | Found a glowing silver altar of Zin.
  4717 | D:5      | Noticed liluieth's ghost (novice DENe)
  4718 | D:5      | Found Zin's Purification Station.
  4729 | D:5      | Bought a potion of curing for 90 gold pieces
  5005 | D:5      | Found Kyfakoru's Antique Armour Shoppe.
  5540 | D:4      | Killed Dowan
  5777 | D:6      | Reached XP level 8. HP: 44/51 MP: 6/13
  6082 | D:6      | Reached skill level 5 in Poison Magic
  6405 | D:6      | Gained mutation: One of your tentacles bears a spike.
                  | [potion of mutation]
  6405 | D:6      | Gained mutation: You are weak. (Str -2) [potion of
                  | mutation]
  6405 | D:6      | Gained mutation: You can translocate small distances at
                  | will. [potion of mutation]
  6405 | D:6      | Gained mutation: You have very sharp teeth. [potion of
                  | mutation]
  6479 | D:6      | Reached **** piety under Elyvilon
  6854 | D:6      | Found a burning altar of Makhleb.
  7017 | D:7      | Reached XP level 9. HP: 57/57 MP: 8/15
  7057 | D:7      | Found an opulent altar of Gozag.
  7290 | D:7      | Noticed Pikel
  7298 | D:7      | Killed Pikel
  7298 | D:7      | Reached skill level 5 in Stealth
  7298 | D:7      | Reached skill level 5 in Air Magic
  7405 | D:7      | Found a snail-covered altar of Cheibriados.
  7644 | D:7      | Reached skill level 5 in Spellcasting
  7661 | D:7      | Noticed Menkaure
  7672 | D:7      | Killed Menkaure
  7806 | D:7      | Reached skill level 5 in Dodging
  7830 | D:8      | Found Ippoat's Assorted Antiques.
  7835 | D:8      | Bought a scroll labeled HOPOYP TORUEGURGH for 28 gold
                  | pieces
  7835 | D:8      | Bought a scroll labeled ERURU FODECH for 28 gold pieces
  7835 | D:8      | Bought a scroll labeled PARET JYRPHUELL for 28 gold pieces
  7835 | D:8      | Bought a scroll of identify for 56 gold pieces
  7835 | D:8      | Bought a fizzy puce potion for 25 gold pieces
  7835 | D:8      | Bought a scroll labeled PARET JYRPHUELL for 28 gold pieces
  7835 | D:8      | Bought a scroll labeled KOIWNU AWAOTEST for 28 gold pieces
  7878 | D:8      | Reached skill level 5 in Polearms
  7932 | D:8      | Reached XP level 10. HP: 54/65 MP: 10/17
  8585 | D:8      | Found a shattered altar of Ashenzari.
  8666 | D:8      | Found an ornate altar of the Wu Jian Council.
  8668 | D:8      | Found a sacrificial altar of Ru.
  8716 | D:8      | Found a bloodstained altar of Trog.
  8785 | D:8      | Reached skill level 5 in Fighting
  8786 | D:8      | Reached skill level 5 in Conjurations
  8880 | D:8      | Noticed a two-headed hydra
  8971 | D:9      | Noticed a two-headed ogre
  9025 | D:8      | Killed a two-headed ogre
  9152 | D:9      | Reached ***** piety under Elyvilon
  9210 | D:9      | Found a staircase to the Orcish Mines.
  9231 | D:9      | Found a runed translucent gate.
  9231 | D:9      | Found a runed translucent gate.
  9231 | D:9      | Found a runed translucent gate.
  9232 | D:9      | Noticed ipx's ghost (novice GrAM)
  9414 | D:9      | Noticed a two-headed ogre
  9428 | D:9      | Killed a two-headed ogre
  9453 | D:9      | Noticed Gastronok
  9466 | D:9      | Reached XP level 11. HP: 46/72 MP: 2/20
 10415 | D:9      | Noticed Grum
 10433 | D:9      | Killed Grum
 10923 | D:10     | Entered Level 10 of the Dungeon
 11125 | D:10     | Noticed Erolcha
 11958 | D:10     | HP: 3/72 [troll (1)]
 11988 | D:10     | Elyvilon protects you from harm!
 12013 | D:10     | Killed Erolcha
 12051 | D:10     | Reached skill level 1 in Invocations
 13060 | D:10     | HP: 1/72 [yak (6)]
 13060 | D:10     | Slain by a yak

Levels and vault maps discovered:
D:1:      minmay_arrival_semitransparent, layout_basic
D:2:      layout_basic, chequers_ecumenical_altar_island, serial_corexii_hall,
          corexii_hall_statues_i, corexii_hall_statues_l, corexii_hall_statues_i
D:3:      layout_basic
D:4:      layout_cave_pools, overflow_temple_1_default, old_standard_altar,
          minmay_temple_entry_overgrown, first_ration, grunt_ministairs_6,
          uniq_duvessa
D:5:      layout_basic, vehumet_altar_wand_db, zin_purify, gammafunk_ghost_icy,
          serial_shops, kennysheep_little_box, abandoned_shop
D:6:      layout_loops_corners, marbit_many_paths, kennysheep_generic_room_9
D:7:      layout_loops_ring, overflow_temple_1_default, grunt_gozag_statues,
          minmay_misc_feat_iff, uniq_menkaure, uniq_pikel
D:8:      layout_cave_pools, trog_eyes_of_draining,
          nicolae_overflow_hidden_temple, serial_shops, nicolae_shop_trees,
          kennysheep_cross_room, hangedman_ranch [blue_anna_fruit_fields],
          cheibrodos_ashenzari_chains
D:9:      layout_big_octagon, orc_0_dummy, ebering_ghost_rock_garden,
          minivault_22, chequers_serial_rivers_micro_b, minmay_evil_grid,
          uniq_grum, uniq_gastronok
D:10:     layout_gridville, uniq_erolcha

Skill      XL: |  1  2  3  4  5  6  7  8  9 10 11 |
---------------+----------------------------------+-----
Poison Magic   | 4 5 6 7 |  7.0
Air Magic      | 1 2 3 4 5 6 7 |  7.9
Conjurations   | 1 2 3 4 5 6 |  6.4
Fighting       | 1 2 3 4 5 6 |  6.1
Stealth        | 3 4 5 6 |  6.1
Spellcasting   | 3 4 5 6 |  6.7
Polearms       | 1 2 3 5 6 |  6.6
Dodging        | 3 4 5 6 |  6.6
Invocations    | 1 |  1.1
Short Blades   | |  0.8
Throwing       | |  0.6
Transmutations | |  1.0

Action                   |  1- 3 |  4- 6 |  7- 9 | 10-12 || total
-------------------------+-------+-------+-------+-------++-------
Melee: Mace              |     8 |       |     9 |     1 ||    18
       Constrict         |    16 |    12 |    35 |    37 ||   100
       Tentacles         |     7 |     3 |    33 |    44 ||    87
       Unarmed           |     1 |       |       |       ||     1
       Dagger            |    51 |    11 |       |       ||    62
       Trident           |       |    46 |   235 |   282 ||   563
       Kick              |       |       |    23 |    63 ||    86
       Bite              |       |       |     8 |    31 ||    39
Throw: Boomerang         |       |       |     2 |     8 ||    10
       Dart              |       |       |       |    10 ||    10
 Cast: Sting             |     8 |     1 |       |       ||     9
       Poisonous Vapours |    13 |    39 |    59 |   105 ||   216
       Mephitic Cloud    |       |       |     7 |    13 ||    20
Invok: Lesser Healing    |       |     4 |     3 |       ||     7
       Greater Healing   |       |       |     1 |     8 ||     9
 Abil: Blink             |       |       |       |     2 ||     2
  Use: Scroll            |     3 |       |     5 |    15 ||    23
       Potion            |       |     1 |     2 |     1 ||     4
 Stab: Sleeping          |     3 |     5 |    15 |     7 ||    30
       Confused          |       |       |     5 |     4 ||     9
  Eat: Chunk             |     4 |     9 |    14 |     9 ||    36
       Ration            |       |     1 |       |     3 ||     4
Armor: Skin              |     3 |     7 |    40 |    39 ||    89
Dodge: Dodged            |    37 |    25 |   115 |   192 ||   369
Block: Other             |       |       |       |    20 ||    20

Table legend:
 A = Non-vault XP
 B = Vault XP
 C = Vault XP percentage of total XP
 D = Non-vault monster count
 E = Vault monster count
 F = Vault count percentage of total count
                 A         B        C        D         E       F
            +---------+---------+-------+---------+---------+-------
      Total |   10240 |    4553 |  30.8 |     236 |      26 |   9.9
            +---------+---------+-------+---------+---------+-------
        D:1 |      27 |       0 |   0.0 |      17 |       0 |   0.0
        D:2 |      34 |       0 |   0.0 |      14 |       0 |   0.0
        D:3 |     141 |       0 |   0.0 |      20 |       0 |   0.0
        D:4 |     213 |     229 |  51.8 |      12 |       2 |  14.3
        D:5 |     476 |       2 |   0.4 |      24 |       1 |   4.0
        D:6 |     914 |     277 |  23.3 |      31 |       3 |   8.8
        D:7 |    1259 |     772 |  38.0 |      27 |       2 |   6.9
        D:8 |    2142 |    1984 |  48.1 |      29 |      15 |  34.1
        D:9 |    2051 |     270 |  11.6 |      29 |       2 |   6.5
       D:10 |    2983 |    1019 |  25.5 |      33 |       1 |   2.9
            +---------+---------+-------+---------+---------+-------
